 Dungeon Crawl Stone Soup version 0.21-a0-283-g622b906 (webtiles) character file.

785 Jor the Covert (level 7, 0/32 HPs)
             Began as a Spriggan Enchanter on Sept 25, 2017.
             Killed by divine providence
             ... invoked by an orc priest
              (17 damage)
             ... on level 6 of the Dungeon.
             The game lasted 00:15:35 (6898 turns).

Jor the Covert (Spriggan Enchanter)                 Turns: 6898, Time: 00:15:35

Health: 0/32       AC:  6    Str:  5    XL:     7   Next: 56%
Magic:  10/16      EV: 18    Int: 18    God:
Gold:   178        SH:  0    Dex: 18    Spells: 5/17 levels left

rFire    . . .     SeeInvis +   t - +3 dagger (venom)
rCold    . . .     Gourm    .   (shield restricted)
rNeg     . . .     Faith    .   b - +1 robe
rPois    .         Spirit   .   (helmet restricted)
rElec    .         Reflect  .   g - +2 cloak
rCorr    .         Harm     .   (gloves unavailable)
MR       +....                  (boots unavailable)
Stlth    +++++.....             (no amulet)
HPRegen  0.10/turn              u - +2 ring of dexterity
MPRegen  0.15/turn              (no ring)

@: very quick
A: unfitting armour, see invisible, herbivore 3, speed 3, slow metabolism 2
a: no special abilities


You were on level 6 of the Dungeon.
You were not hungry.

You visited 1 branch of the dungeon, and saw 6 of its levels.

You collected 178 gold pieces.

Inventory:

Hand Weapons
 a - a +2 dagger
 j - a +2 antimagic short sword
 t - a +3 dagger of venom (weapon)
Armour
 b - a +1 robe (worn)
 g - a +2 cloak (worn)
Jewellery
 n - an uncursed ring of flight
 u - a +2 ring of dexterity (left hand)
Wands
 r - a wand of confusion (15/48)
Scrolls
 c - 2 scrolls of blinking
 h - 2 scrolls of fog
 k - a scroll of remove curse
 l - 7 scrolls of identify
 m - 3 scrolls of teleportation
 s - 2 scrolls of magic mapping
 v - 2 scrolls of fear
Potions
 e - 2 potions of lignification
 f - a potion of invisibility
 i - a potion of resistance
 o - 2 potions of curing
 q - 2 potions of flight
Books
 w - a book of Frost

   Spells                             Type                      Level
   a - Freeze                         Ice                          1
   b - Throw Frost                    Conjuration/Ice              2
   c - Ozocubu's Armour               Charms/Ice                   3
   d - Throw Icicle                   Conjuration/Ice              4
   e - Summon Ice Beast               Ice/Summoning                4
Comestibles
 d - 4 bread rations
 p - 2 royal jellies


   Skills:
 - Level 1.1 Short Blades
 - Level 3.0 Dodging
 + Level 10.4 Stealth
 - Level 5.5 Spellcasting
 - Level 6.2 Hexes


You had 5 spell levels left.
You knew the following spells:

 Your Spells              Type           Power        Failure   Level  Hunger
a - Ensorcelled Hibernat  Hex/Ice        ###...       5%          2    #......
b - Corona                Hex            ####...      1%          1    None
c - Confuse               Hex            ####....     3%          3    ##.....
d - Tukima's Dance        Hex            ####....     3%          3    ##.....
e - Dazzling Spray        Conj/Hex       ###...       11%         3    ##.....


Dungeon Overview and Level Annotations

Branches:
Dungeon (6/15)             Temple (0/1) D:6

Altars:
Fedhas
Gozag
Makhleb
Nemelex Xobeh
Qazlal
Wu Jian
The Shining One

Shops:
D:5 [


Innate Abilities, Weirdness & Mutations

You are very small and have problems with some larger weapons.
You are too small for most types of armour.
You have supernaturally acute eyesight. (SInv)
You are a herbivore.
You cover ground extremely quickly.
You need consume almost no food.


Message History

The orc warrior resists with some effort.
The orc shouts! x2; You hear a shout!
An orc priest comes into view. It is wielding a club.
Casting: Ensorcelled Hibernation
Confirm with . or Enter, or press ? or * to list all spells.
Aiming: Ensorcelled Hibernation
Press: ? - help, Shift-Dir - straight line, f/p - orc warrior
Aim: an orc warrior, wielding a short sword and wearing a plate armour (chance to defeat MR: 47%)
The orc warrior resists with some effort.
The orc warrior hits you with a short sword!
Casting: Ensorcelled Hibernation
Confirm with . or Enter, or press ? or * to list all spells.
Aiming: Ensorcelled Hibernation
Press: ? - help, Shift-Dir - straight line, f/p - orc warrior
Aim: an orc warrior, wielding a short sword and wearing a plate armour (chance to defeat MR: 47%)
The orc warrior looks drowsy...
The orc priest calls down the wrath of Beogh upon you.
Beogh smites you!
Ouch! That really hurt!
You die...

...8$>.8. ...⌠.⌠.
..8.8. .o... #.o. #o.#
#oo# #####@.# #......#
#..# #......# #..#
#...>..## #..#
####....###..#
#.#...##..####### #
...##..........[..#
#.#####.#...........#
#.^..##.............##


You could see an orc warrior (sleeping), an orc priest and 3 orcs.

Vanquished Creatures
  A black bear (D:4)
  A centaur (D:5)
  3 scorpions
  A hound (D:5)
  An orc priest (D:6)
  Crazy Yiuf (D:4)
  A jelly (D:5)
  Ijyb (D:3)
  2 orc wizards
  4 worker ants
  A hound zombie (D:5)
  A worker ant zombie (D:5)
  6 adders
  2 adder zombies (D:5)
  2 worms
  A dart slug (D:2)
  2 leopard geckos
  10 orcs
  A ball python (D:2)
  3 bats
  2 giant cockroaches
  8 goblins
  6 hobgoblins
  13 jackals
  5 kobolds
  2 quokkas
  2 frilled lizards
  9 rats
92 creatures vanquished.

Notes
Turn   | Place    | Note
-------+----------+-------------------------------------------
     0 | D:1      | Jor the Spriggan Enchanter began the quest for the Orb.
     0 | D:1      | Reached XP level 1. HP: 9/9 MP: 5/5
   397 | D:1      | Reached XP level 2. HP: 13/13 MP: 5/7
   401 | D:1      | Learned a level 2 spell: Ensorcelled Hibernation
  1710 | D:2      | Reached XP level 3. HP: 13/16 MP: 6/9
  2491 | D:2      | Learned a level 3 spell: Confuse
  2495 | D:2      | Learned a level 3 spell: Tukima's Dance
  2837 | D:3      | Found a blossoming altar of Fedhas.
  2837 | D:3      | Found a burning altar of Makhleb.
  2837 | D:3      | Found an ornate altar of the Wu Jian Council.
  2960 | D:3      | Reached XP level 4. HP: 21/21 MP: 8/11
  3127 | D:3      | Reached skill level 5 in Hexes
  3163 | D:3      | You fall through a shaft for 2 floors!
  3163 | D:5      | Entered Level 5 of the Dungeon
  3277 | D:5      | Reached XP level 5. HP: 24/24 MP: 10/13
  3489 | D:5      | Noticed a centaur
  3495 | D:5      | Killed a centaur
  3495 | D:5      | Reached skill level 5 in Spellcasting
  3822 | D:5      | Reached skill level 5 in Stealth
  3822 | D:5      | Reached XP level 6. HP: 28/28 MP: 15/15
  3861 | D:4      | Reached skill level 6 in Stealth
  4473 | D:3      | Noticed Ijyb
  4485 | D:3      | Killed Ijyb
  4485 | D:3      | Reached skill level 7 in Stealth
  4624 | D:3      | Found a stormy altar of Qazlal.
  5368 | D:4      | Found a runed door.
  5372 | D:4      | Noticed Crazy Yiuf
  5384 | D:4      | Killed Crazy Yiuf
  5384 | D:4      | Reached skill level 8 in Stealth
  5741 | D:4      | Reached skill level 9 in Stealth
  5741 | D:4      | Reached XP level 7. HP: 32/32 MP: 16/16
  5753 | D:4      | Learned a level 3 spell: Dazzling Spray
  6205 | D:5      | Found Ziraw's Antique Armour Emporium.
  6485 | D:5      | Reached skill level 10 in Stealth
  6650 | D:5      | Found an opulent altar of Gozag.
  6658 | D:5      | Found a sparkling altar of Nemelex Xobeh.
  6660 | D:5      | Found a glowing golden altar of the Shining One.
  6895 | D:6      | Found a staircase to the Ecumenical Temple.
  6898 | D:6      | Killed from afar by an orc priest

Vault maps used:
D:1:      saegor_arrival_miasma, st_stairs_13, hangedman_decor_lopped
D:3:      nicolae_overflow_crystal_walls, gammafunk_temple_overflow_forgotten,
          minmay_item_behind_shaft, nrook_loot_triangle, uniq_ijyb
D:4:      uniq_crazy_yiuf_cottage
D:5:      minitemple, serial_shops, nicolae_shop_behind_doors, first_bread,
          palyth_stone_intersect
D:6:      minmay_temple_entry_statues_fountains, tgw_sif

Skill      XL: |  1  2  3  4  5  6  7 |
---------------+----------------------+-----
Spellcasting   | 3 4 5 |  5.5
Hexes          | 4 5 6 |  6.2
Stealth        | 5 9 10 | 10.4
Short Blades   | |  1.1
Dodging        | |  3.0

Action                   |  1- 3 |  4- 6 |  7- 9 || total
-------------------------+-------+-------+-------++-------
Melee: Dagger            |   170 |   103 |    27 ||   300
 Cast: Corona            |    12 |       |       ||    12
       Ensorcelled Hiber |    23 |    30 |    14 ||    67
       Confuse           |     2 |     7 |       ||     9
       Dazzling Spray    |       |       |     2 ||     2
  Use: Scroll            |    11 |     4 |     5 ||    20
       Potion            |       |     1 |       ||     1
 Stab: Sleeping          |    20 |    19 |    13 ||    52
       Distracted        |     1 |       |       ||     1
       Confused          |       |     6 |       ||     6
  Eat: Bread ration      |     1 |       |       ||     1
Armor: Robe              |    16 |    16 |     2 ||    34
Dodge: Dodged            |   142 |    90 |     9 ||   241

Table legend:
 A = Spawn XP
 B = Non-spawn XP
 C = Spawn XP percentage of total XP
 D = Spawn monster count
 E = Non-spawn monster count
 F = Spawn count percentage of total count
 G = Total turns spent on level
                    A         B        C        D         E        F      G
               +---------+---------+-------+---------+---------+-------+---------
         Total |       0 |    1122 |   0.0 |       0 |      92 |   0.0 |  6898
               +---------+---------+-------+---------+---------+-------+---------
           D:1 |       0 |      37 |   0.0 |       0 |      22 |   0.0 |  1675
           D:2 |       0 |      46 |   0.0 |       0 |      20 |   0.0 |  1159
           D:3 |       0 |      79 |   0.0 |       0 |       9 |   0.0 |   977
           D:4 |       0 |     434 |   0.0 |       0 |      21 |   0.0 |  1686
           D:5 |       0 |     441 |   0.0 |       0 |      15 |   0.0 |  1198
           D:6 |       0 |      85 |   0.0 |       0 |       5 |   0.0 |   203
               +---------+---------+-------+---------+---------+-------+---------
